 Dungeon Crawl Stone Soup version 0.17-a0-1954-g0dddeaa (webtiles) character file.

6827 4thArraOfDagon the Cleaver (level 11, -1/104 HPs)
             Began as a Naga Berserker on Oct 3, 2015.
             Was a Follower of Trog.
             Killed from afar by a ynoxinul (18 damage)
             ... with an iron shot
             ... on level 2 of the Abyss.
             The game lasted 00:11:08 (1864 turns).

4thArraOfDagon the Cleaver (Naga Berserker)         Turns: 1864, Time: 00:11:08

Health: -1/104     AC: 16    Str: 22    XL:     11   Next: 5%
Magic:  11/11      EV:  5    Int:  6    God:    Trog [*.....]
Gold:   231        SH:  0    Dex:  9    Spells: 0 memorised, 10 levels left

rFire  + . .     SeeInvis +     v - +3 battleaxe (elec)
rCold  x . .     Clarity  .     w - +1 plate armour
rNeg   + . .     SustAt   .     (no shield)
rPois  +         Gourm    .     (no helmet)
rElec  .         Spirit   .     (no cloak)
rCorr  .         Warding  .     (no gloves)
rMut   .         Stasis   .     (no barding)
MR     +....                    (no amulet)
Stlth  ..........               t - ring of fire
                                i - ring of positive energy

@: exhausted, very slow, somewhat resistant to hostile enchantments, extremely
unstealthy
A: iridescent scales 1, see invisible, clumsy 1, deformed body, deterioration 1,
dopey 1, poison resistance, slowness 2, slow metabolism 1, spit poison 2, AC +3
a: Spit Poison, Burn Spellbooks, Berserk, Renounce Religion


You were on level 2 of the Abyss.
You worshipped Trog.
Trog was aware of your devotion.
You were not hungry.

You visited 1 branch of the dungeon, and saw 10 of its levels.
You visited the Abyss 1 time.

You collected 231 gold pieces.

Inventory:

Hand weapons
 a - a +0 hand axe
 v - a +3 battleaxe of electrocution (weapon)
Missiles
 f - 2 javelins
 k - 4 tomahawks of returning (quivered)
 x - 2 throwing nets
Armour
 w - a +1 plate armour (worn)
Magical staves
 g - an uncursed staff of fire {unknown}
Jewellery
 i - a ring of positive energy (left hand)
 t - a ring of fire (right hand)
Magical devices
 r - a wand of flame (24)
 y - a wand of digging (6)
Scrolls
 o - a scroll of amnesia
 u - a scroll of recharging {unknown}
 A - a scroll of noise {unknown}
Potions
 m - a potion of brilliance
 q - a potion of cure mutation
Books
 l - a book of Unlife

   Spells                             Type                      Level
   a - Recall                         Summoning/Translocation      3
   b - Animate Dead                   Necromancy                   4
   c - Control Undead                 Necromancy                   4
   d - Cigotuvi's Embrace             Necromancy                   5
   e - Death Channel                  Necromancy                   6
   f - Simulacrum                     Ice/Necromancy               6
   Trog disapproves of the use of such an item.
 s - a book of Minor Magic

   Spells                             Type                      Level
   a - Magic Dart                     Conjuration                  1
   b - Blink                          Translocation                2
   c - Call Imp                       Summoning                    2
   d - Repel Missiles                 Charms/Air                   2
   e - Slow                           Hexes                        2
   f - Conjure Flame                  Conjuration/Fire             3
   g - Mephitic Cloud                 Conjuration/Poison/Air       3
   Trog disapproves of the use of such an item.
Comestibles
 b - a meat ration
 c - 4 bread rations


   Skills:
 + Level 8.9 Fighting
 * Level 11.9 Axes
 + Level 7.1 Armour
 - Level 1.5 Dodging


You had 10 spell levels left.
You didn't know any spells.

Dungeon Overview and Level Annotations

Branches:
Dungeon (10/15)
 Temple: D:4-7         Lair: D:8-11         Orc: D:9-12

Altars:
Dithmenos
Elyvilon
Vehumet
Yredelemnul

Annotations:
D:10 Sonja


Innate Abilities, Weirdness & Mutations

You cannot wear boots.
Your serpentine skin is tough (AC +3).
You have supernaturally acute eyesight.
Armour fits poorly on your strangely shaped body.
Your system is resistant to poisons.
You cover ground very slowly.
You have a slow metabolism.
You can spit poison.
You are partially covered in iridescent scales (AC +4).
You are clumsy. (Dex -2)
[Your body sometimes deteriorates upon taking damage.]
[You are dopey. (Int -2)]


Message History

The small abomination is moderately damaged.
You hit the ynoxinul.
The ynoxinul is severely wounded.
You feel yourself speed up. The small abomination hits you!
* * * LOW HITPOINT WARNING * * *
The ynoxinul hits you but does no damage.
The small abomination hits you!
* * * LOW HITPOINT WARNING * * *
The ynoxinul hits you but does no damage.
Unknown command.
Unknown command.
You slash the small abomination!
There is a sudden explosion of sparks!
The small abomination is severely damaged.
You hit the ynoxinul.
The ynoxinul is severely wounded.
The small abomination hits you but does no damage.
The ynoxinul gestures at you. The iron shot hits you!
You die...

#. . #. .. #.# .#.#
_ _ +. . ... .8.. #
. ._. ...## .
.8...##
#############..#.#
.......hx@3hh...##
#
#..#...#####.##..##
# # . §...### #....
).... ≈.. #..# #
.... # #.# #... .
## .... ## .


You could see 3 raiju, a ynoxinul and a small abomination.

Vanquished Creatures
  A tentacled starspawn (Abyss:2)
  A wretched star (Abyss:2)
  An unseen horror (Abyss:2)
  A hill giant (D:9)
  2 orange demons (Abyss:2)
  A two-headed ogre (D:9)
  2 large abominations
  A fire bat (Abyss:2)
  A neqoxec (Abyss:2)
  An orc warrior (D:8)
  2 sky beasts (D:7)
  A necrophage (D:7)
  4 starcursed masses (Abyss:2)
  A centaur (D:9)
  2 small abominations (Abyss:2)
  2 giant frogs
  A big kobold (D:8)
  4 killer bees (D:7)
  3 hounds
  A giant frog zombie (D:9)
  A crimson imp (D:9)
  4 orc priests
  A jelly (D:8)
  A centaur zombie (D:9)
  4 orc wizards
  3 iguanas
  3 worker ants
  A hound skeleton (D:9)
  3 adders
  A white imp (Abyss:2)
  2 shadow imps
  2 oozes
  An ufetubus (Abyss:2)
  An adder zombie (D:9)
  An adder skeleton (D:10)
  A worm (D:4)
  3 giant geckos
  14 orcs
  A bat (D:2)
  A giant cockroach (D:2)
  A goblin (D:2)
  2 hobgoblins (D:1)
  6 kobolds
  A quokka (D:2)
  A giant newt (D:1)
  3 jackals (D:7)
  A jackal skeleton (D:8)
  A quokka zombie (D:9)
  A plant (Abyss:2)
99 creatures vanquished.

Vanquished Creatures (others)
  A bush (Abyss:2)
  2 plants (Abyss:2)
  2 starspawn tentacles (Abyss:2)
5 creatures vanquished.

Grand Total: 104 creatures vanquished

Notes
Turn   | Place    | Note
--------------------------------------------------------------
     0 | D:1      | 4thArraOfDagon the Naga Berserker began the quest for the Orb.
     0 | D:1      | Reached XP level 1. HP: 21/21 MP: 1/1
   124 | D:2      | Reached XP level 2. HP: 13/28 MP: 2/2
   155 | D:2      | Reached XP level 3. HP: 15/34 MP: 3/3
   264 | D:4      | Reached XP level 4. HP: 44/44 MP: 4/4
   327 | D:4      | Reached skill level 4 in Axes
   356 | D:4      | Reached XP level 5. HP: 9/50 MP: 5/5
   451 | D:3      | :S
   525 | D:5      | Entered Level 5 of the Dungeon
   535 | D:5      | Found a white marble altar of Elyvilon.
   539 | D:5      | Found a basalt altar of Yredelemnul.
   539 | D:5      | Found a shadowy altar of Dithmenos.
   585 | D:7      | Noticed a necrophage
   591 | D:7      | Killed a necrophage
   591 | D:7      | Reached XP level 6. HP: 57/57 MP: 6/6
   604 | D:7      | Noticed a sky beast
   649 | D:6      | You fall through a shaft for 3 floors!
   662 | D:9      | Reached skill level 5 in Axes
   719 | D:9      | Acquired Trog's second power
   831 | D:7      | Reached XP level 7. HP: 66/66 MP: 7/7
   836 | D:7      | Reached skill level 6 in Axes
   839 | D:7      | Reached skill level 5 in Fighting
   876 | D:7      | Found a radiant altar of Vehumet.
   891 | D:7      | Noticed a sky beast
   902 | D:7      | Killed a sky beast
   907 | D:7      | Killed a sky beast
   907 | D:7      | Reached XP level 8. HP: 74/74 MP: 8/8
   913 | D:7      | Gained mutation: You are clumsy. (Dex -2) [mutagenic meat]
   914 | D:7      | Gained mutation: You are partially covered in iridescent scales (AC +4). [mutagenic meat]
   987 | D:8      | Reached skill level 7 in Axes
  1037 | D:8      | ops
  1333 | D:9      | Noticed a hill giant
  1345 | D:9      | Killed a hill giant
  1345 | D:9      | Reached skill level 8 in Axes
  1345 | D:9      | Reached XP level 9. HP: 54/85 MP: 9/9
  1382 | D:9      | Reached skill level 5 in Armour
  1473 | D:9      | Noticed a two-headed ogre
  1478 | D:9      | Killed a two-headed ogre
  1478 | D:9      | Reached skill level 9 in Axes
  1558 | D:10     | Entered Level 10 of the Dungeon
  1558 | D:10     | Noticed Sonja
  1572 | D:10     | Cast into the Abyss (Sonja)
  1576 | Abyss:1  | Found a corrupted altar of Lugonu.
  1616 | Abyss:1  | Found a corrupted altar of Lugonu.
  1627 | Abyss:2  | Found a corrupted altar of Lugonu.
  1659 | Abyss:2  | Noticed a tentacled starspawn
  1665 | Abyss:2  | Killed a tentacled starspawn
  1665 | Abyss:2  | Reached skill level 10 in Axes
  1665 | Abyss:2  | Reached XP level 10. HP: 53/96 MP: 10/10
  1683 | Abyss:2  | Noticed an unseen horror
  1709 | Abyss:2  | Killed an unseen horror
  1732 | Abyss:2  | Reached skill level 11 in Axes
  1745 | Abyss:2  | Noticed a wretched star
  1784 | Abyss:2  | Noticed a starcursed mass
  1786 | Abyss:2  | Killed a starcursed mass
  1786 | Abyss:2  | Killed a starcursed mass
  1788 | Abyss:2  | Killed a starcursed mass
  1789 | Abyss:2  | Killed a starcursed mass
  1801 | Abyss:2  | Noticed an orange demon
  1805 | Abyss:2  | Killed an orange demon
  1821 | Abyss:2  | Found an iron altar of Okawaru.
  1822 | Abyss:2  | Found a shadowy altar of Dithmenos.
  1824 | Abyss:2  | Found a glowing silver altar of Zin.
  1824 | Abyss:2  | Found a snail-covered altar of Cheibriados.
  1824 | Abyss:2  | Found a burning altar of Makhleb.
  1824 | Abyss:2  | Found a glowing golden altar of the Shining One.
  1837 | Abyss:2  | Noticed a wretched star
  1845 | Abyss:2  | Killed a wretched star
  1845 | Abyss:2  | Reached XP level 11. HP: 99/104 MP: 11/11
  1864 | Abyss:2  | Killed from afar by a ynoxinul

Vault maps used:
D:1:      dpeg_arrival_signposts, st_stairs_14, moated_statue,
          minmay_misc_feat_room
D:2:      corexii_item_surrounded_by_moat
D:3:      kennysheep_big_flooded_room, lemuel_doored_altar, first_bread,
          minmay_misc_feat_pillars, minmay_misc_feat_rows, uniq_sigmund,
          uniq_iyjb
D:4:      uniq_pikel
D:5:      grunt_temple_overflow_open, minmay_temple_entry_statues_fountains,
          serial_shops, nicolae_shop_waterfront, shop, uniq_edmund
D:6:      gammafunk_temple_overflow_statue, serial_shops, nicolae_shop_stone
D:7:      lemuel_ratsnest, basic_altar
D:8:      old_standard_altar
D:10:     enter_bailey_3, hangedman_stone_soup,
          hangedman_abyss_or_decor_lesser_grid, uniq_sonja, uniq_fannar,
          uniq_grum
Abyss:1:  minivault_28, evilmike_abyss_exit_13
Abyss:2:  lemuel_flamethrower_3

Action                   |  1- 3 |  4- 6 |  7- 9 | 10-12 || total
-------------------------+-------+-------+-------+-------++-------
Melee: Hand axe          |    17 |   104 |    67 |       ||   188
       Battleaxe         |       |       |    54 |    54 ||   108
Throw: Tomahawk          |       |       |       |     1 ||     1
Invok: Berserk           |     2 |     6 |     6 |     2 ||    16
       Trog's Hand       |       |     3 |     8 |     6 ||    17
 Abil: Spit Poison       |     8 |     8 |     3 |       ||    19
Evoke: Wand              |       |       |     4 |       ||     4
  Use: Scroll            |       |     3 |     8 |       ||    11
       Potion            |       |     1 |     1 |     1 ||     3
  Eat: Chunk             |       |     6 |    12 |       ||    18
       Beef jerky        |       |     1 |       |       ||     1
       Bread ration      |       |       |       |     1 ||     1
